 Dungeon Crawl Stone Soup version 0.32-a0-38-gb04dd89b9b (webtiles) character file.

Game seed: 9024222653114043976

2032 mopl the Ruffian (level 9, -2/96 HPs)
             Began as a Djinni Shapeshifter on Jan 23, 2024.
             Was an Elder of Uskayaw.
             Killed by divine providence
             ... invoked by an orc priest
              (10 damage)
             ... on level 6 of the Dungeon.
             The game lasted 00:06:31 (4449 turns).

mopl the Ruffian (Djinni Shapeshifter)              Turns: 4449, Time: 00:06:33

Health: -2/96      AC: 28    Str: 17    XL:     9   Next: 47%
Gold:   120        EV:  2    Int: 12    God:    Uskayaw [****..] SH:  0 Dex: 13

rFire   . .          .
                       - Unarmed
rCold   . . .        (no shield)
rNeg    . . .        q - melded +0 ring mail
rPois   ∞            (helmet currently unavailable)
rElec   .            (cloak currently unavailable)
rCorr   .            (gloves currently unavailable)
SInv    .            (boots unavailable)
Will    .....        (no amulet)
Stlth   +            s - +4 ring of protection
HPRegen 0.36/turn    (no ring)
MPRegen 0.00/turn

%: infuse magic (-3 HP)
@: tree-form
A: stationary, stasis, torment immunity, boosted hp, sickness immunity, (fire
resistance 2), (cold vulnerability 1), float, innate caster, HP casting, extra
vitality 1
a: Renounce Religion, Stomp, Line Pass


You were on level 6 of the Dungeon.
You worshipped Uskayaw.
Uskayaw was noncommittal.
You were a tree.
You visited 2 branches of the dungeon, and saw 7 of its levels.

You collected 350 gold pieces.
You spent 230 gold pieces at shops.

Inventory:

Hand Weapons
 y - a +2 dagger of venom
Missiles
 w - 30 poisoned darts (quivered)
Armour
 k - a +0 pair of gloves
 q - a +0 ring mail (melded)
 t - a +1 cloak of willpower
Jewellery
 s - a +4 ring of protection (left branch)
Talismans
 c - a beast talisman (active)
 d - a flux talisman
Scrolls
 a - a scroll of torment {unknown}
 e - a scroll of revelation {unknown}
 g - 2 scrolls of butterflies {unknown}
 h - 2 scrolls of immolation {unknown}
 i - a scroll of brand weapon {unknown}
 n - a scroll of amnesia {unknown}
 p - a scroll of teleportation {unknown}
 u - 2 scrolls of enchant armour
 x - 3 scrolls of fog
 z - 2 scrolls of poison
 A - a scroll of enchant weapon
 C - a scroll of vulnerability {unknown}
Potions
 b - a potion of lignification {!q}
 f - 3 potions of enlightenment
 l - 2 potions of attraction
 m - 5 potions of haste {unknown}
 o - 2 potions of invisibility
 r - a potion of might
 v - 2 potions of brilliance
 B - a potion of mutation {!q}
 D - a potion of resistance


   Skills:
 + Level 4.9 Fighting
 - Level 2.1 Dodging
 * Level 7.7 Unarmed Combat
 + Level 3.7 Invocations
 * Level 6.5 Shapeshifting


You knew the following spells:

 Your Spells              Type           Power      Damage    Failure   Level
a - Necrotise             Necr           0%         1d4       32%         1
b - Call Imp              Summ           0%         N/A       45%         2
c - Swiftness             Air            0%         N/A       69%         3
e - Blink                 Tloc           0%         N/A       45%         2
Your spell library was empty.

Dungeon Overview and Level Annotations

Branches:
Dungeon (6/15)             Temple (1/1) D:4

Altars:
Ashenzari
Cheibriados
Dithmenos
Elyvilon
Gozag
Hepliaklqana
Makhleb
Nemelex Xobeh
Ru
Trog
Uskayaw
Wu Jian
Xom
Yredelemnul

Shops:
D:4 *


Innate Abilities, Weirdness & Mutations

You are a tree.
Your roots penetrate the ground, keeping you stationary.
You cannot be teleported.
You are immune to unholy pain and torment.
Your maximum health is greatly increased.
Your equipment is partially melded.
You are immune to sickness and miasma.
You are immune to poison.
((Your flesh is very heat resistant. (rF++)))
((You are vulnerable to cold. (rC-)))
You float through the air rather than walking.
You learn spells naturally, not from books.
Your magical power is your life essence.
You have superior vitality. (+4 MHP)


Message History

Uskayaw will force your foes to share their pain.
Uskayaw links your audience in an emotional bond!
You smack the ice beast!
You destroy the wight! x2; You kill the ice beast!
You completely miss the orc warrior.
The orc warrior is moderately wounded.
The orc priest mumbles some strange prayers to Beogh against you.
Beogh smites you!
* * * LOW HITPOINT WARNING * * *
The orc warrior hits you but does no damage.
You hit the orc warrior but do no damage.
The orc warrior is moderately wounded.
An orc comes into view. It is wielding a +0 mace.
You feel much better.
The orc warrior is no longer sharing its pain.
The orc warrior hits you with a +0 hand axe!
* * * LOW HITPOINT WARNING * * *
An orc priest comes into view. It is wielding a +0 club.
Unknown command.
You barely miss the orc priest. The orc priest barely misses you.
The orc warrior hits you but does no damage.
The orc priest looks satisfied for a moment.
Unknown command.
You pummel the orc priest!!
You kill the orc priest!
Unknown command.
You closely miss the orc warrior.
The orc warrior is moderately wounded.
The orc warrior hits you with a +0 hand axe!
* * * LOW HITPOINT WARNING * * *
The orc priest invokes the aid of Beogh against you.
Beogh smites you!
* * * LOW HITPOINT WARNING * * *
You smack the orc warrior!
The orc warrior is almost dead.
An orc comes into view. It is wielding a +0 hand axe.
The wight hits you but does no damage.
The orc priest invokes the aid of Beogh against you.
Beogh smites you!
You die...

#......#.....# #.......##..
#............# #.....###...
.........o...#########.....##..#.
#...#..............##.........###
....#....o.....#†#............# #
....o.....†...##.##......#....#
......o...##.)##.....##..##...##
..........#..)ozo.#..##..###...#
.........z...###♣....###.# #...#
..............###..### #.###...##
...##......#....#..# #..##.....
...###..##...#....#.# #..##..##.
...# #..##>###.......# #..:..####
..# ##.###.# ....##.........# #
..# #..####.....####.........##
..# ##...........# #.....#..... #
#..###..... ##....####..


You could see an orc warrior, a wight, an orc priest and 2 orcs.

Vanquished Creatures
  Pikel (D:6)
  2 water moccasins
  An ice beast (D:6)
  2 ogres
  A lemure (D:6)
  A phantom (D:5)
  Blork the orc (D:4)
  A bullfrog (D:6)
  7 wights
  A howler monkey (D:4)
  2 hounds (D:4)
  An orc priest (D:6)
  3 bombardier beetles
  Crazy Yiuf (D:2)
  3 iguanas
  2 sleepcaps (D:5)
  3 gnolls (D:3)
  7 adders
  A shadow imp (D:6)
  4 dart slugs
  4 ribbon worms
  2 orcs
  3 ball pythons
  9 bats
  2 endoplasms
  7 giant cockroaches
  14 goblins
  5 hobgoblins
  3 jackals (D:3)
  4 quokkas
  2 frilled lizards
  9 kobolds
  3 rats
112 creatures vanquished.

Notes
Turn   | Place    | Note
-------+----------+-------------------------------------------
     0 | D:1      | mopl the Djinni Shapeshifter began the quest for the Orb.
     0 | D:1      | Reached XP level 1. HP: 17/17 MP: 0/0
    65 | D:1      | Reached XP level 2. HP: 22/22 MP: 0/0
   196 | D:1      | Reached skill level 3 in Shapeshifting
   239 | D:1      | Reached XP level 3. HP: 22/27 MP: 0/0
   239 | D:1      | Learned a level 1 spell: Necrotise
   951 | D:2      | Found a runed translucent door.
   952 | D:2      | Noticed Crazy Yiuf
  1003 | D:2      | Reached XP level 4. HP: 33/33 MP: 0/0
  1209 | D:2      | Killed Crazy Yiuf
  1375 | D:3      | Reached skill level 2 in Fighting
  1375 | D:3      | Reached skill level 4 in Unarmed Combat
  1792 | D:3      | Found a sparkling altar of Nemelex Xobeh.
  1825 | D:3      | Reached XP level 5. HP: 38/38 MP: 0/0
  1825 | D:3      | Learned a level 2 spell: Blink
  2040 | D:3      | Reached XP level 6. HP: 45/45 MP: 0/0
  2175 | D:4      | Noticed Blork the orc
  2189 | D:4      | Killed Blork the orc
  2190 | D:4      | Reached skill level 4 in Shapeshifting
  2406 | D:4      | Found a staircase to the Ecumenical Temple.
  2420 | D:4      | Reached skill level 5 in Unarmed Combat
  2428 | Temple   | Entered the Ecumenical Temple
  2450 | Temple   | Became a worshipper of Uskayaw the Reveller
  2486 | D:4      | Reached * piety under Uskayaw
  2495 | D:4      | Noticed an ogre
  2498 | D:4      | Reached ** piety under Uskayaw
  2501 | D:4      | Reached *** piety under Uskayaw
  2503 | D:4      | Killed an ogre
  2503 | D:4      | Reached **** piety under Uskayaw
  2504 | D:4      | Reached skill level 3 in Fighting
  2504 | D:4      | Reached XP level 7. HP: 15/50 MP: 0/0
  2504 | D:4      | Learned a level 2 spell: Call Imp
  2657 | D:4      | Reached skill level 1 in Invocations
  2692 | D:4      | Identified the +1 robe of Agnosticism {rElec rF++ Will-
                  | Regen+}
  2852 | D:4      | Found Xuehaoh's General Store.
  2857 | D:4      | Bought a scroll of poison for 40 gold pieces
  2857 | D:4      | Bought a scroll of fog for 40 gold pieces
  2857 | D:4      | Bought a scroll of enchant armour for 75 gold pieces
  2857 | D:4      | Bought a scroll of enchant weapon for 75 gold pieces
  2962 | D:4      | Reached skill level 5 in Shapeshifting
  2962 | D:4      | Reached XP level 8. HP: 35/56 MP: 0/0
  3177 | D:5      | Entered Level 5 of the Dungeon
  3188 | D:5      | Reached skill level 6 in Unarmed Combat
  3188 | D:5      | Reached skill level 2 in Invocations
  3428 | D:5      | Reached skill level 4 in Fighting
  4210 | D:6      | Noticed Pikel
  4250 | D:6      | Killed Pikel
  4251 | D:6      | Reached skill level 7 in Unarmed Combat
  4251 | D:6      | Reached skill level 3 in Invocations
  4251 | D:6      | Reached skill level 6 in Shapeshifting
  4251 | D:6      | Reached XP level 9. HP: 45/63 MP: 0/0
  4251 | D:6      | Learned a level 3 spell: Swiftness
  4449 | D:6      | Killed from afar by an orc priest

Illustrated notes

Levels and vault maps discovered:
D:1:      minmay_arrival_four_houses, layout_rooms, hangedman_decor_push
D:2:      layout_basic, uniq_crazy_yiuf_cottage
D:3:      minmay_angry_zag, layout_loops_cross,
          nemelex_xobeh_ov_fountains_minmay
D:4:      layout_basic, minmay_temple_entry_tees, serial_shops,
          kennysheep_little_box, minmay_ogre_servants, uniq_blork_the_orc
D:5:      layout_basic
D:6:      layout_layer_cave, lemuel_doored_altar, serial_shops, shop,
          chequers_garden, kennysheep_small_square, uniq_pikel
Temple:   dpeg_chambers_temple

Skill      XL: |  1  2  3  4  5  6  7  8 |
---------------+-------------------------+-----
Shapeshifting  | 3 4 5 6 |  6.5
Fighting       | 2 3 4 |  4.9
Unarmed Combat | 4 5 7 |  7.7
Invocations    | 1 3 |  3.7
Dodging        | |  2.1

Action                     |  1- 3 |  4- 6 |  7- 9 || total
---------------------------+-------+-------+-------++-------
  Melee: Unarmed           |   103 |   151 |   166 ||   420
         Punch             |     4 |     5 |     3 ||    12
    Use: Scroll            |       |     4 |     4 ||     8
         Potion            |       |       |     2 ||     2
   Stab: Sleeping          |     2 |       |       ||     2
         Paralysed         |       |     1 |     6 ||     7
 Armour: Animal skin       |    48 |     2 |       ||    50
         Ring mail         |       |    65 |    81 ||   146
         Skin              |       |     3 |     8 ||    11
  Dodge: Dodged            |    47 |    76 |    62 ||   185
   Form: Beast             |       |     1 |       ||     1
         Flux              |       |     1 |       ||     1

Table legend: (Time is in decaauts)
 A = Elapsed time spent in this place.
 B = Non-inter-level travel time spent in this place.
 C = Inter-level travel time spent in this place.
 D = Time resting spent in this place.
 E = Time spent auto-exploring this place.
 F = Levels seen in this place.
 G = Mean time per level.
                   A        B        C        D        E       F      G
               +--------+--------+--------+--------+--------+-----+--------+
         Total |   4411 |   4119 |    292 |    578 |   2608 |   7 |  630.1 |
       Dungeon |   4367 |   4096 |    271 |    578 |   2608 |   6 |  727.8 |
        Temple |     43 |     22 |     21 |      0 |      0 |   1 |   43.0 |
               +--------+--------+--------+--------+--------+-----+--------+

Top non-repeatable levels by time:
     D:3: 977 daAuts
     D:5: 928 daAuts
     D:2: 926 daAuts
     D:4: 745 daAuts
     D:1: 461 daAuts
     D:6: 328 daAuts
  Temple: 43 daAuts
